 Dungeon Crawl Stone Soup version 0.30-a0-585-g93115170b9 (webtiles) character file.

Game seed: 13829670327024246577

13045 pokeman the Thaumaturge (level 11, -12/58 HPs)
             Began as a Deep Elf Hedge Wizard on Jan 2, 2023.
             Was an Elder of Vehumet.
             Shot with an arrow by a centaur warrior (20 damage)
             ... on level 11 of the Dungeon.
             The game lasted 00:30:04 (12155 turns).

pokeman the Thaumaturge (Deep Elf Hedge Wizard)    Turns: 12155, Time: 00:30:04

Health: -12/58     AC: 14    Str: 10    XL:     11   Next: 70%
Magic:  25/31      EV: 14    Int: 27    God:    Vehumet [****..]
Gold:   714        SH:  0    Dex: 22    Spells: 24/38 levels left

rFire   . . .      SeeInvis .    R - +4 halberd "Xohyag" {venom, Fragile Str+3 Dex+8}
rCold   . . .      Faith    .    (shield currently unavailable)
rNeg    . . .      Spirit   .    M - +0 steam dragon scales
rPois   +          Reflect  .    O - +1 helmet {Int+3}
rElec   .          Harm     .    e - +0 cloak
rCorr   .          Rampage  .    (no gloves)
Will    +....                    x - +0 pair of boots
Stlth   +++                      (no amulet)
HPRegen 0.29/turn                j - +4 ring of protection
MPRegen 0.22/turn                s - ring of poison resistance

@: no status effects
A: no striking features
a: Renounce Religion


You were on level 11 of the Dungeon.
You worshipped Vehumet.
Vehumet was greatly pleased with you.
You visited 2 branches of the dungeon, and saw 12 of its levels.
You also visited: Bailey.

You collected 714 gold pieces.

Inventory:

Hand Weapons
 a - a +0 arbalest
 I - a +0 spear of venom
 R - the +4 halberd "Xohyag" (weapon) {venom, Fragile Str+3 Dex+8}
   (You found it on level 10 of the Dungeon)

   It poisons the flesh of those it strikes.
   Str:       It affects your strength (+3).
   Dex:       It affects your dexterity (+8).
   Fragile:   It will be destroyed if unequipped.
Missiles
 i - 2 throwing nets
Armour
 e - a +0 cloak (worn)
 x - a +0 pair of boots (worn)
 H - the +10 tower shield of Ignorance {rN+ Int-4}
   (You found it on level 7 of the Dungeon)

   Int:       It affects your intelligence (-4).
   rN:        It protects you from negative energy.
 M - +0 steam dragon scales (worn)
 O - a +1 helmet of intelligence (worn)
 T - a +1 robe of the Archmagi
Magical Staves
 u - a staff of death
 y - a staff of fire
Jewellery
 h - a ring of ice
 j - a +4 ring of protection (left hand)
 s - a ring of poison resistance (right hand)
 v - a ring of ice
 E - a ring of wizardry
 J - a ring of wizardry
 N - a ring of positive energy
 S - a +6 ring of dexterity
Wands
 C - a wand of iceblast (15)
 Q - a wand of flame (15)
 U - a wand of light (2)
Scrolls
 b - a scroll of enchant armour {unknown}
 g - 2 scrolls of fear {unknown}
 k - 6 scrolls of teleportation {unknown}
 l - 3 scrolls of enchant weapon {unknown}
 m - a scroll of vulnerability {unknown}
 n - 16 scrolls of identify {unknown}
 o - a scroll of blinking {unknown}
 p - 2 scrolls of immolation {unknown}
 t - 4 scrolls of amnesia {unknown}
 F - a scroll of poison {unknown}
 L - a scroll of silence {unknown}
 P - 5 scrolls of fog {unknown}
Potions
 c - a potion of brilliance {unknown}
 d - a potion of magic
 f - 7 potions of curing {unknown}
 q - 3 potions of mutation {unknown}
 r - 3 potions of heal wounds {unknown}
 w - 4 potions of ambrosia {unknown}
 z - 3 potions of flight {unknown}
 A - a potion of haste
 B - 3 potions of berserk rage {unknown}
 D - 3 potions of might
 G - a potion of attraction {unknown}
 K - 3 potions of lignification {unknown}


   Skills:
 + Level 2.3 Fighting
 - Level 3.0 Armour
 - Level 4.0 Dodging
 - Level 4.2 Stealth
 - Level 3.4 Shields
 * Level 14.2 Spellcasting
 + Level 8.3 Conjurations
 + Level 7.0 Summonings
 + Level 7.6 Necromancy
 - Level 1.1 Translocations
 + Level 7.0 Fire Magic
 - Level 1.1 Ice Magic
 - Level 1.0 Air Magic
 - Level 1.1 Poison Magic
 - Level 1.0 Evocations


You had 24 spell levels left.
You knew the following spells:

 Your Spells              Type           Power      Damage    Failure   Level
a - Magic Dart            Conj           100%       1d8       1%          1
b - Mephitic Cloud        Conj/Pois/Air  38%        N/A       1%          3
c - Call Imp              Summ           55%        N/A       1%          2
d - Blink                 Tloc           50%        N/A       2%          2
e - Shock                 Conj/Air       100%       1d9       1%          1
f - Freezing Cloud        Conj/Ice/Air   19%        6-21      5%          5

Your spell library contained the following spells:

 Spells                   Type           Power      Damage    Failure   Level
 Sticky Flame             Conj/Fire      57%        2d7       1%          4
 Kiss of Death            Conj/Necr      100%       2d13      1%          1
 Cigotuvi's Dreadful Rot  Necr/Pois/Air  72%        N/A       1%          2
 Ignite Poison            Fire/Tmut/Pois 34%        N/A       1%          3
 Kindle Blastsparks       Fire/Tloc/Air  70%        2d15      1%          3
 Dispel Undead            Necr           57%        3d20      1%          4
 Slow                     Hex            76%        N/A       2%          1
 Ensorcelled Hibernation  Hex/Ice        44%        N/A       3%          2
 Anguish                  Hex/Necr       19%        N/A       6%          4
 Spider Form              Tmut/Pois      22%        N/A       7%          3
 Confusing Touch          Hex            19%        N/A       9%          3


Dungeon Overview and Level Annotations

Branches:
Dungeon (11/15)            Temple (1/1) D:5             Orc (0/2) D:9
 Bailey (visited)
   Lair: D:8-11

Altars:
Ashenzari
Cheibriados
Dithmenos
Elyvilon
Fedhas
Gozag
Hepliaklqana
Kikubaaqudgha
Makhleb
Nemelex Xobeh
Okawaru
Qazlal
Ru
Sif Muna
Trog
Uskayaw
Vehumet
Wu Jian
Xom
Yredelemnul
Zin
The Shining One


Message History

The ball explodes into a vile cloud!
The stinking cloud engulfs the tengu warrior but does no damage.
You hear a bellow!
The centaur warrior barely misses you.
The centaur warrior kicks you but does no damage.
The centaur warrior hits you but does no damage.
The centaur warrior kicks you but does no damage.
Unknown command.
The centaur warrior hits you but does no damage.
The centaur warrior kicks you.
The tengu warrior is engulfed in noxious fumes.
The tengu warrior appears confused.
The centaur warrior hits you with a +0 shortbow.
The centaur warrior kicks you but does no damage.
A manticore comes into view.
The centaur warrior completely misses you.
The centaur warrior closely misses you.
The tengu warrior is engulfed in noxious fumes.
The tengu warrior appears confused.
The tengu warrior looks very confused.
Casting: Mephitic Cloud (safe; 1% risk of failure)
Confirm with . or Enter, or press ? or * to list all spells.
Aiming: Mephitic Cloud (safe; 1% risk of failure)
Press: ? - help, Shift-Dir - straight line, f - centaur warrior
Aim: a centaur warrior, wielding a +0 shortbow and quivering curare-tipped darts (severely wounded, extremely poisoned, chance to affect: 53%)
The ball explodes into a vile cloud!
The stinking cloud engulfs the centaur warrior but does no damage.
The centaur warrior is severely wounded.
The stinking cloud engulfs you but does no damage.
The centaur warrior is engulfed in noxious fumes.
The centaur warrior barely misses you. The centaur warrior kicks you.
The tengu warrior is engulfed in noxious fumes.
Unknown command.
Unknown command.
The centaur warrior is engulfed in noxious fumes.
The centaur warrior shoots an arrow.
The arrow hits you!!
* * * LOW HITPOINT WARNING * * *
The centaur warrior is engulfed in noxious fumes.
The centaur warrior shoots an arrow.
The arrow hits you!!
You die...

## #..### .#.# #..
###..#..#.# .#
...#######...##.#
#.####.......####.#
##..........☼○...#####
............Q..○§....##.
......###.###.○c○........
..........# #.°.☼..H[)...
........######@..........
...............(.........
.######........########.#
#......<)# #
........(...#
............#
####........# #........#
#........#


You could see a tengu warrior (confused), a centaur warrior (very poisoned) and
a manticore.

Vanquished Creatures
  A hydra (D:9)
  Erolcha (D:10)
  A boulder beetle (D:9)
  A two-headed ogre (D:10)
  A cyclops (D:11)
  A troll (D:10)
  A hornet (D:9)
  26 yaks
  2 wraiths
  2 wyverns (D:9)
  A basilisk (D:8)
  2 steam dragons
  An acid dragon (D:11)
  2 water moccasins (D:6)
  A sky beast (D:7)
  13 orc warriors
  A black bear (D:4)
  2 ogres
  4 centaurs
  A phantom (D:5)
  2 kobold brigands
  5 bullfrogs
  4 scorpions
  2 gnoll sergeants
  A necrophage (D:7)
  4 wights (D:10)
  11 killer bees
  2 howler monkeys
  An electric eel (D:8)
  An orc priest (D:10)
  6 hounds
  A jelly (D:7)
  2 gnoll boudas
  3 iguanas
  9 orc wizards
  22 gnolls
  11 adders
  A shadow imp (D:7)
  A worm (D:3)
  2 dart slugs
  43 orcs
  8 endoplasms
  2 giant cockroaches
  11 goblins
  11 hobgoblins
  3 jackals (D:1)
  16 kobolds
  5 quokkas
  6 ball pythons
  5 bats
  2 frilled lizards (D:1)
  5 rats
273 creatures vanquished.

Vanquished Creatures (collateral kills)
  Sigmund (D:3)
  Robin (D:2)
  A worm (D:2)
  2 goblins (D:2)
5 creatures vanquished.

Vanquished Creatures (others)
  2 electric eels (D:8)
2 creatures vanquished.

Grand Total: 280 creatures vanquished

Notes
Turn   | Place    | Note
-------+----------+-------------------------------------------
     0 | D:1      | pokeman the Deep Elf Hedge Wizard began the quest for the
                  | Orb.
     0 | D:1      | Reached XP level 1. HP: 10/10 MP: 7/7
   217 | D:1      | Reached XP level 2. HP: 12/16 MP: 2/9
   853 | D:1      | Reached skill level 5 in Spellcasting
  1188 | D:2      | Reached XP level 3. HP: 20/20 MP: 8/11
  1202 | D:2      | Learned a level 3 spell: Mephitic Cloud
  1205 | D:2      | Learned a level 2 spell: Call Imp
  1208 | D:2      | Learned a level 2 spell: Blink
  1258 | D:2      | Noticed Robin
  1271 | D:2      | Killed Robin
  1462 | D:2      | Reached skill level 1 in Armour
  1554 | D:2      | Found a faded altar of an unknown god.
  1649 | D:2      | Reached skill level 1 in Fighting
  2020 | D:2      | Reached XP level 4. HP: 25/25 MP: 9/13
  2983 | D:3      | Noticed Sigmund
  3000 | D:3      | Killed Sigmund
  3001 | D:3      | Reached skill level 6 in Spellcasting
  3001 | D:3      | Reached XP level 5. HP: 21/29 MP: 8/16
  3001 | D:3      | Reached XP level 6. HP: 25/34 MP: 8/17
  3076 | D:3      | Found an iron altar of Okawaru.
  3386 | D:3      | Reached skill level 7 in Spellcasting
  4064 | D:4      | Reached XP level 7. HP: 32/38 MP: 14/20
  4269 | D:4      | Reached skill level 1 in Poison Magic
  4377 | D:4      | Reached skill level 8 in Spellcasting
  4755 | D:4      | Reached skill level 1 in Air Magic
  5006 | D:5      | Entered Level 5 of the Dungeon
  5114 | D:5      | Reached skill level 1 in Necromancy
  5120 | D:5      | Reached skill level 1 in Fire Magic
  5185 | D:5      | Found a staircase to the Ecumenical Temple.
  5197 | Temple   | Entered the Ecumenical Temple
  5503 | D:5      | Found a white marble altar of Elyvilon.
  5520 | D:5      | Found a broken altar of Ashenzari.
  5599 | D:5      | Found a sacrificial altar of Ru.
  5617 | D:5      | Found a radiant altar of Vehumet.
  5621 | D:5      | Became a worshipper of Vehumet
  5793 | D:5      | Reached skill level 1 in Evocations
  6129 | D:5      | Found a hazy altar of Hepliaklqana.
  6665 | D:6      | Reached XP level 8. HP: 43/43 MP: 16/22
  6666 | D:6      | Reached * piety under Vehumet
  6666 | D:6      | Offered knowledge of Shock by Vehumet.
  6672 | D:6      | Learned a level 1 spell: Shock
  6759 | D:6      | Reached skill level 9 in Spellcasting
  7155 | D:6      | Reached skill level 5 in Conjurations
  7649 | D:7      | Found the +10 tower shield of Ignorance {rN+ Int-4}
  7711 | D:7      | Reached skill level 10 in Spellcasting
  7927 | D:7      | Reached XP level 9. HP: 26/48 MP: 20/25
  8282 | D:7      | Learned a level 5 spell: Freezing Cloud
  8373 | D:8      | Reached ** piety under Vehumet
  8374 | D:8      | Reached skill level 1 in Ice Magic
  8377 | D:8      | Offered knowledge of Scorch by Vehumet.
  8462 | D:8      | Reached skill level 1 in Shields
  8516 | D:8      | Reached skill level 11 in Spellcasting
  8742 | D:8      | Found a bloodstained altar of Trog.
  9052 | D:8      | Reached skill level 5 in Necromancy
  9054 | D:8      | Reached XP level 10. HP: 53/53 MP: 19/27
  9307 | D:9      | Found a staircase to the Orcish Mines.
  9466 | D:9      | Found a basalt altar of Yredelemnul.
  9487 | D:9      | Reached skill level 5 in Fire Magic
  9500 | D:9      | Offered knowledge of Momentum Strike by Vehumet.
  9658 | D:9      | Reached skill level 12 in Spellcasting
  9658 | D:9      | Reached skill level 5 in Summonings
  9662 | D:9      | Reached *** piety under Vehumet
  9951 | D:9      | Noticed a boulder beetle
  9967 | D:9      | Noticed a four-headed hydra
 10131 | D:9      | Killed a boulder beetle
 10132 | D:9      | Reached skill level 13 in Spellcasting
 10196 | D:9      | Killed a four-headed hydra
 10197 | D:9      | Reached XP level 11. HP: 48/57 MP: 26/30
 10242 | D:9      | Offered knowledge of Inner Flame by Vehumet.
 10489 | D:10     | Entered Level 10 of the Dungeon
 10489 | D:10     | Noticed Erolcha
 10498 | D:10     | Killed Erolcha
 10685 | D:10     | Noticed a two-headed ogre
 10723 | D:10     | Killed a two-headed ogre
 10991 | D:10     | Found a flagged portal.
 10998 | D:10     | Identified the +4 halberd "Xohyag" {venom, Fragile Str+3
                  | Dex+8}
 11002 | Bailey   | Entered a bailey
 11020 | Bailey   | Reached **** piety under Vehumet
 11157 | Bailey   | Reached skill level 14 in Spellcasting
 11158 | Bailey   | Offered knowledge of Sticky Flame by Vehumet.
 11277 | Bailey   | Identified the +6 tower shield of Nuacur {+Inv rN+}
 11551 | D:10     | Found an ornate altar of the Wu Jian Council.
 11556 | D:10     | Found a burning altar of Makhleb.
 11985 | D:11     | Noticed a tengu warrior
 12142 | D:11     | Noticed a centaur warrior
 12155 | D:11     | Shot with an arrow by a centaur warrior

Illustrated notes

Levels and vault maps discovered:
D:1:      dpeg_arrival_arbitrary_a, layout_basic, minmay_octomino_j4
D:2:      layout_basic, shapermc_ecumenical_altar_notcrosses,
          grunt_ministairs_8, kennysheep_flooded_box, uniq_robin
D:3:      layout_loops_cross, nicolae_overflow_crystal_walls, uniq_sigmund
D:4:      layout_loops_ring, minmay_tree_intersection,
          kennysheep_cross_bottleneck
D:5:      corexii_shack_village, layout_loops_corners, kennysheep_mini,
          nicolae_overflow_quartered_altars, minmay_temple_entry_slanted,
          minmay_misc_feat_nine_boxes
D:6:      layout_basic
D:7:      layout_rooms
D:8:      layout_basic, kennysheep_little_box, disabler_island
D:9:      layout_loops_ring, old_standard_altar, orc_0_dummy,
          hangedman_minor_gate_pass
D:10:     layout_grid_maze, mainiacjoe_overflow_big_doors, enter_bailey_2,
          st_stairs_11, uniq_erolcha
D:11:     minmay_ornate_pinched, layout_rooms, serial_shops, shop,
          makhleb_altar_promises_db
Temple:   hc_temple_tempest_star

Skill      XL: |  1  2  3  4  5  6  7  8  9 10 11 |
---------------+----------------------------------+-----
Spellcasting   | 5 6 7 8 10 11 13 14 | 14.2
Armour         | 1 2 3 |  3.0
Fighting       | 1 2 |  2.3
Conjurations   | 2 3 4 5 6 7 8 |  8.3
Dodging        | 3 4 |  4.0
Stealth        | 3 4 |  4.2
Poison Magic   | 1 |  1.1
Air Magic      | 1 |  1.0
Necromancy     | 1 3 5 6 7 |  7.6
Fire Magic     | 1 3 4 6 7 |  7.0
Evocations     | 1 |  1.0
Summonings     | 3 4 6 7 |  7.0
Ice Magic      | 1 |  1.1
Shields        | 2 3 |  3.4
Translocations | |  1.1

Action                   |  1- 3 |  4- 6 |  7- 9 | 10-12 || total
-------------------------+-------+-------+-------+-------++-------
Melee: Dagger            |    17 |       |       |       ||    17
       Hand axe          |       |    10 |       |       ||    10
       Halberd           |       |    16 |    32 |    36 ||    84
       Whip              |       |       |     8 |       ||     8
       Spear             |       |       |    63 |   139 ||   202
       Punch             |       |       |       |     4 ||     4
 Cast: Magic Dart        |    77 |    89 |   154 |    23 ||   343
       Mephitic Cloud    |     2 |     5 |    26 |    40 ||    73
       Call Imp          |     2 |     1 |     1 |     5 ||     9
       Shock             |       |       |   103 |    69 ||   172
       Freezing Cloud    |       |       |       |    25 ||    25
       Blink             |       |       |       |     1 ||     1
 Stab: Confused          |     1 |     4 |    12 |    27 ||    44
       Sleeping          |       |     1 |     6 |       ||     7
Armor: Robe              |     7 |    11 |    34 |       ||    52
       Steam dragon scal |       |       |     9 |    50 ||    59
Dodge: Dodged            |    27 |    24 |   125 |   106 ||   282

Table legend: (Time is in decaauts)
 A = Elapsed time spent in this place.
 B = Non-inter-level travel time spent in this place.
 C = Inter-level travel time spent in this place.
 D = Time resting spent in this place.
 E = Time spent auto-exploring this place.
 F = Levels seen in this place.
 G = Mean time per level.
                   A        B        C        D        E       F      G
               +--------+--------+--------+--------+--------+-----+--------+
         Total |  12231 |  11665 |    566 |    803 |   8679 |  13 |  940.8 |
       Dungeon |  11677 |  11122 |    555 |    747 |   8341 |  11 | 1061.5 |
        Temple |    106 |     95 |     11 |      0 |     82 |   1 |  106.0 |
        Bailey |    447 |    447 |      0 |     56 |    256 |   1 |  447.0 |
               +--------+--------+--------+--------+--------+-----+--------+

Top non-repeatable levels by time:
     D:2: 1718 daAuts
     D:5: 1362 daAuts
     D:9: 1324 daAuts
     D:6: 1246 daAuts
     D:4: 1200 daAuts
     D:1: 1096 daAuts
    D:10: 1059 daAuts
     D:3: 1006 daAuts
     D:8: 838 daAuts
     D:7: 721 daAuts
  Bailey: 447 daAuts
  Temple: 106 daAuts
    D:11: 103 daAuts
